 Seeded DCSS version 0.30.1-9-gdf580d7c3d (webtiles) character file.

Game seed: 15734390716694237801 (custom seed)

63 Psyclone the Stinger (level 3, -1/28 HPs)
             Began as a Deep Elf Venom Mage on Sept 29, 2023.
             Slain by Ijyb
             ... wielding a +4 dagger of venom
              (4 damage)
             ... while paralysed by Ijyb
             ... on level 3 of the Dungeon.
             The game lasted 00:13:20 (2718 turns).

Psyclone the Stinger (Deep Elf Venom Mage)          Turns: 2718, Time: 00:13:21

Health: -1/28      AC: 21    Str:  5    XL:     3   Next: 89%
Magic:  1/9        EV:  2    Int: 21    God:
Gold:   77         SH:  0    Dex: 15    Spells: 2/8 levels left

rFire   . . .        f - +2 dagger (vamp)
rCold   . . .        (no shield)
rNeg    . . .        a - melded +0 robe
rPois   +            (helmet currently unavailable)
rElec   .            d - melded +1 cloak
rCorr   .            o - melded +0 pair of gloves
SInv    .            m - melded +1 pair of boots
Will    .....        (no amulet)
Stlth   ++           (no ring)
HPRegen 0.24/turn    (no ring)
MPRegen 0.11/turn

%: no passive effects
@: paralysed, mighty, lethally poisoned (-1 -> -5), tree-form
A: stationary, stasis, torment immunity, boosted hp, (poison resistance)
a: no special abilities


You were on level 3 of the Dungeon.
You were a tree.
You visited 1 branch of the dungeon, and saw 3 of its levels.

You collected 77 gold pieces.

Inventory:

Hand Weapons
 c - a +1 dagger of draining
 f - a +2 vampiric dagger (weapon)
Missiles
 k - a throwing net {!f}
Armour
 a - a +0 robe (melded)
 d - a +1 cloak (melded)
 m - a +1 pair of boots (melded)
 o - a +0 pair of gloves (melded)
Scrolls
 g - a scroll of identify {@r1}
 j - a scroll of acquirement
 l - 2 scrolls of fear
 n - a scroll of magic mapping
Potions
 b - a potion of magic
 e - 2 potions of mutation
 h - 2 potions of lignification
 q - a potion of degeneration {unknown}


   Skills:
 - Level 2.4 Dodging
 - Level 2.4 Stealth
 - Level 3.0 Spellcasting
 * Level 3.3 Conjurations
 - Level 1.1 Transmutations
 - Level 4.0 Poison Magic


You had 2 spell levels left.
You knew the following spells:

 Your Spells              Type           Power      Damage    Failure   Level
a - Magic Dart            Conj           68%        1d6       3%          1
b - Searing Ray           Conj           34%        2d5       5%          2
c - Poisonous Vapours     Pois/Air       22%        N/A       9%          2
v - Sting                 Tmut/Pois      52%        1d5       4%          1

Your spell library contained the following spells:

 Spells                   Type           Power      Damage    Failure   Level
 Sandblast                Erth           6%         2d5       13%         1
 Passwall                 Tmut/Erth      4%         N/A       16%         2
 Ensorcelled Hibernation  Hex/Ice        6%         N/A       21%         2
 Lesser Beckoning         Tloc           6%         N/A       21%         2
 Mephitic Cloud           Conj/Pois/Air  13%        N/A       14%         3
 Stone Arrow              Conj/Erth      20%        3d8       21%         3
 Olgreb's Toxic Radiance  Pois           19%        N/A       26%         4
 Gell's Gravitas          Tloc           3%         N/A       36%         3
 Swiftness                Air            3%         N/A       36%         3
 Teleport Other           Tloc           3%         N/A       36%         3
 Fulminant Prism          Conj/Hex       5%         3d7       56%         4


Dungeon Overview and Level Annotations

Branches:
Dungeon (3/15) Zot: 15269

Altars:

Shops:
D:1 *   D:3 *

Annotations:
D:3 Ijyb


Innate Abilities, Weirdness & Mutations

You are a tree.
Your roots penetrate the ground, keeping you stationary.
You cannot be teleported.
You are immune to unholy pain and torment.
Your maximum health is greatly increased.
Your equipment is partially melded.
((Your system is resistant to poisons. (rPois)))


Message History

The quokka bites you but does no damage.
Ijyb hits you with a +4 dagger of venom.
You are poisoned.
Your magical contamination has completely faded away.
You take 3 damage, and have 10/19 hp.
You hit Ijyb.
Ijyb is heavily wounded.
You feel sick.
The quokka bites you but does no damage.
Ijyb hits you with a +4 dagger of venom.
* * * LOW HITPOINT WARNING * * *
You take 8 damage, and have 2/19 hp.
MASSIVE DAMAGE!!
You feel better.
The quokka twitches its whiskers.
The quokka barely misses you.
Ijyb hits you with a +4 dagger of venom!
You are lethally poisoned!
You regained 4 hp, and now have 6/19 hp.
It was a potion of lignification.
You turn into a tree.
Your +1 cloak melds into your body.
Your +0 pair of gloves melds into your body.
Your +1 pair of boots melds into your body.
Your +0 robe melds into your body.
Your roots penetrate the ground.
* * * LOW HITPOINT WARNING * * *
You feel very sick.
The quokka bites you but does no damage.
The quokka twitches its whiskers.
The quokka barely misses you.
Ijyb zaps a wand.
You resist with some effort.
You now have 6/28 hp.
It was a potion of might.
You feel very mighty all of a sudden.
* * * LOW HITPOINT WARNING * * *
You feel sick.
The quokka bites you but does no damage.
Ijyb zaps a wand.
You suddenly lose the ability to move!
* * * LOW HITPOINT WARNING * * *
You feel sick.
The quokka bites you but does no damage.
Ijyb hits you with a +4 dagger of venom.
You die...

### ..# #.# #.########
#####.#....... ####
#.###..∩.......# ...#
#....r♣##.#....# ...#
#....g.##......###.#
...#
.........?.#.........
#.##
..........##..#####.
#.# ..........##..#
#.#
###......####..#####.#
#.# #........#
#........# #.#
#.######## ##...######
#.## #.#### ##..>..##


You could see Ijyb (poisoned) and a quokka.

Vanquished Creatures
  2 adders (D:2)
  A worm (D:2)
  A dart slug (D:1)
  6 bats
  2 giant cockroaches
  5 hobgoblins
  5 quokkas
  2 ball pythons (D:3)
  3 frilled lizards
  4 goblins
  4 kobolds
  6 rats
41 creatures vanquished.

Notes
Turn   | Place    | Note
-------+----------+-------------------------------------------
     0 | D:1      | Psyclone the Deep Elf Venom Mage began the quest for the
                  | Orb.
     0 | D:1      | Reached XP level 1. HP: 10/10 MP: 6/6
     1 | D:1      | Noticed an electric eel
   198 | D:1      | Learned a level 1 spell: Magic Dart
   266 | D:1      | Reached XP level 2. HP: 15/15 MP: 1/8
   685 | D:1      | Reached skill level 1 in Conjurations
   872 | D:1      | Found Peiluom's Assorted Antiques.
   896 | D:1      | Reached skill level 4 in Poison Magic
  1060 | D:1      | Learned a level 2 spell: Poisonous Vapours
  1063 | D:1      | Learned a level 2 spell: Searing Ray
  1192 | D:1      | Found a faded altar of an unknown god.
  1381 | D:2      | Gained mutation: Your system is resistant to poisons.
                  | (rPois) [potion of mutation]
  1525 | D:2      | Reached XP level 3. HP: 19/19 MP: 3/9
  2344 | D:2      | Identified a scroll of acquirement
  2694 | D:3      | Found Vuwemorif's General Store.
  2700 | D:3      | Noticed Ijyb
  2717 | D:3      | Paralysed by Ijyb for 2 turns
  2718 | D:3      | Slain by Ijyb

Illustrated notes

Levels and vault maps discovered:
D:1:      arrival_aquarium_a, layout_basic, serial_shops, shop,
          shapermc_ecumenical_altar_mp_highgroup
D:2:      layout_basic, kennysheep_decorative_pillar, due_unseen_surprise
D:3:      layout_loops_corners, gammafunk_ghost_mausoleum, serial_shops, shop,
          minmay_misc_feat_iff, uniq_ijyb

Skill      XL: |  1  2  3 |
---------------+----------+-----
Conjurations   | 2 3 |  3.3
Poison Magic   | 4 |  4.0
Dodging        | |  2.4
Stealth        | |  2.4
Spellcasting   | |  3.0
Transmutations | |  1.1

Action                     || total
---------------------------++-------
  Melee: Unarmed           ||     5
         Dagger            ||    18
   Cast: Sting             ||    13
         Magic Dart        ||    92
         Poisonous Vapours ||     7
         Searing Ray       ||     1
    Use: Potion            ||     7
         Scroll            ||     5
   Stab: Sleeping          ||     1
 Armour: Robe              ||    27
         Skin              ||     3
  Dodge: Dodged            ||    39
